 Dungeon Sprint DCSS version 0.28.0-53-g5a82cb258f (webtiles) character file.

Game seed: 10596936511445900083

247 Zeld the Thaumaturge (level 5, -2/28 HPs)
             Began as a Deep Elf Conjurer on May 29, 2022.
             Was a Follower of Sif Muna.
             Slain by a scorpion (8 damage)
             ... in the Dungeon (Sprint IV: "Fedhas' Mad Dash").
             The game lasted 00:01:33 (1188 turns).

Zeld the Thaumaturge (Deep Elf Conjurer)            Turns: 1188, Time: 00:01:34

Health: -2/28      AC:  2    Str:  4    XL:     5   Next: 85%
Magic:  0/20       EV: 13    Int: 25    God:    Sif Muna [*.....]
Gold:   71         SH:  0    Dex: 13    Spells: 11/25 levels left

rFire   . . .      SeeInvis .   (no weapon)
rCold   . . .      Faith    .   (no shield)
rNeg    . . .      Spirit   .   a - +0 robe
rPois   .          Reflect  .   (no helmet)
rElec   .          Harm     .   (no cloak)
rCorr   .          Rampage  .   (no gloves)
Will    .....      NoTele   +   (no boots)
Stlth   ++........              j - amulet of invisibility {+Inv}
HPRegen 0.09/turn               (no ring)
MPRegen 0.17/turn               (no ring)

@: lethally poisoned (-2 -> -7)
A: no striking features
a: Renounce Religion, Evoke Invisibility, Channel Magic


You were in the Dungeon.
You worshipped Sif Muna.
Sif Muna was aware of your devotion.
You visited 1 branch You collected 71 gold pieces.

Inventory:

Armour
 a - a +0 robe (worn)
Jewellery
 j - the amulet of invisibility (around neck) {+Inv}
   (You found it in the Dungeon)

   [amulet of nothing]

   +Inv:      It lets you turn invisible.
Scrolls
 g - a scroll of blinking
 i - a scroll of identify {unknown}
Potions
 c - a potion of heal wounds
 d - a potion of haste
 e - 2 potions of magic
 f - a potion of berserk rage
 h - a potion of lignification {unknown}


   Skills:
 + Level 3.5 Dodging
 + Level 3.6 Stealth
 * Level 10.6 Spellcasting
 * Level 10.1 Conjurations
 - Level 2.0 Hexes
 - Level 2.0 Translocations


You had 11 spell levels left.
You knew the following spells:

 Your Spells              Type           Power      Damage    Failure   Level
a - Magic Dart            Conj           100%       1d8       1%          1
b - Searing Ray           Conj           100%       2d8       1%          2
c - Fulminant Prism       Conj/Hex       21%        3d13      3%          4
d - Iskenderun's Mystic   Conj/Tloc      43%        2d10      3%          4
z - Dazzling Flash        Conj/Hex       86%        N/A       1%          3

Your spell library contained the following spells:

 Spells                   Type           Power      Damage    Failure   Level


Dungeon Overview and Level Annotations

Branches:
Dungeon (1/1)

Altars:
Cheibriados
Dithmenos
Elyvilon
Gozag
Hepliaklqana
Kikubaaqudgha
Makhleb
Nemelex Xobeh
Okawaru
Qazlal
Ru
Sif Muna
Trog
Uskayaw
Vehumet
Wu Jian
Xom
Yredelemnul
Zin
The Shining One
Beogh
Jiyva
Lugonu


Message History

The scorpion poisons you!
Unknown command.
You feel better. The scorpion completely misses you.
The scorpion closely misses you.
There is a corrupted altar of Lugonu here.
Okay, then.
Casting: Magic Dart (safe; 1% risk of failure)
Confirm with . or Enter, or press ? or * to list all spells.
Aiming: Magic Dart (safe; 1% risk of failure)
Press: ? - help, Shift-Dir - straight line, f/p - scorpion
Aim: a scorpion (severely wounded, 100% to hit)
The magic dart hits the scorpion.
The scorpion is almost dead.
The scorpion stings you but does no damage.
Unknown command.
Press < or > to pray at altars.
The scorpion stings you.
You are poisoned.
The scorpion poisons you!
There is an ancient bone altar of Kikubaaqudgha here.
You hit the scorpion but do no damage.
The scorpion is almost dead.
You feel very sick. The scorpion closely misses you.
You feel sick.
* * * LOW HITPOINT WARNING * * *
You feel sick.
There is a viscous altar of Jiyva here.
* * * LOW HITPOINT WARNING * * *
You feel sick.
Casting: Magic Dart (safe; 1% risk of failure)
Confirm with . or Enter, or press ? or * to list all spells.
Aiming: Magic Dart (safe; 1% risk of failure)
Press: ? - help, Shift-Dir - straight line, f/p - scorpion
Aim: a scorpion (almost dead, 100% to hit)
The magic dart hits the scorpion but does no damage.
The scorpion is almost dead.
* * * LOW HITPOINT WARNING * * *
You feel sick. The scorpion misses you. The scorpion stings you!
You die...

################################
....#.....#.⌠._._._._.⌠.#.[))..#
....'.#.[.'.._._@s._._..'..#$.$#
....#.#...#..._._._._...#..# #+#
########'##.._._._._._..#..#
+...#._._._._._.⌠.####
#...############### #####


You could see a scorpion.

Vanquished Creatures
  A scorpion (D)
  4 oklob saplings (D)
  2 spriggans (D)
  A river rat (D)
  A rat (D)
9 creatures vanquished.

Notes
Turn   | Place    | Note
-------+----------+-------------------------------------------
     0 | D        | Zeld the Deep Elf Conjurer began the quest for the Orb.
     0 | D        | Reached XP level 1. HP: 10/10 MP: 6/6
   323 | D        | Reached skill level 5 in Conjurations
   323 | D        | Reached XP level 2. HP: 5/15 MP: 0/9
   326 | D        | Learned a level 2 spell: Searing Ray
   560 | D        | Noticed an oklob sapling
   563 | D        | Killed an oklob sapling
   564 | D        | Reached XP level 3. HP: 19/19 MP: 5/13
   831 | D        | Noticed a scorpion
   831 | D        | Found the amulet of invisibility {+Inv}
   834 | D        | Killed a scorpion
   835 | D        | Reached XP level 4. HP: 22/24 MP: 9/16
   860 | D        | Learned a level 3 spell: Dazzling Flash
   866 | D        | Learned a level 4 spell: Fulminant Prism
   871 | D        | Learned a level 4 spell: Iskenderun's Mystic Blast
   990 | D        | Reached skill level 1 in Hexes
   990 | D        | Reached skill level 1 in Translocations
  1032 | D        | Found an opulent altar of Gozag.
  1032 | D        | Found a hazy altar of Hepliaklqana.
  1032 | D        | Found a burning altar of Makhleb.
  1032 | D        | Found a sparkling altar of Nemelex Xobeh.
  1032 | D        | Found a snail-covered altar of Cheibriados.
  1032 | D        | Found a sacrificial altar of Ru.
  1032 | D        | Found a shimmering blue altar of Sif Muna.
  1032 | D        | Found a shimmering altar of Xom.
  1032 | D        | Found a basalt altar of Yredelemnul.
  1033 | D        | Found a viscous altar of Jiyva.
  1033 | D        | Found a bloodstained altar of Trog.
  1033 | D        | Found an ornate altar of the Wu Jian Council.
  1034 | D        | Found an iron altar of Okawaru.
  1034 | D        | Found a shadowy altar of Dithmenos.
  1034 | D        | Found a glowing silver altar of Zin.
  1035 | D        | Found an ancient bone altar of Kikubaaqudgha.
  1035 | D        | Found a hide-covered altar of Uskayaw.
  1036 | D        | Found a stormy altar of Qazlal.
  1036 | D        | Found a glowing golden altar of the Shining One.
  1036 | D        | Found a white marble altar of Elyvilon.
  1037 | D        | Found a radiant altar of Vehumet.
  1037 | D        | Found a corrupted altar of Lugonu.
  1039 | D        | Became a worshipper of Sif Muna the Loreminder
  1078 | D        | Reached XP level 5. HP: 28/28 MP: 13/19
  1126 | D        | Reached skill level 10 in Spellcasting
  1165 | D        | Reached * piety under Sif Muna
  1166 | D        | Reached skill level 10 in Conjurations
  1188 | D        | Slain by a scorpion

Illustrated notes

Levels and vault maps discovered:
D:        dungeon_sprint_fedhas [sprint_temple]

Skill      XL: |  1  2  3  4  5 |
---------------+----------------+-----
Spellcasting   | 4 6 8 9 10 | 10.6
Conjurations   | 5 6 8 9 10 | 10.1
Hexes          | 2 |  2.0
Translocations | 2 |  2.0
Dodging        | 3 |  3.5
Stealth        | 3 |  3.6

Action                   |  1- 3 |  4- 6 || total
-------------------------+-------+-------++-------
Melee: Unarmed           |     4 |     1 ||     5
 Cast: Magic Dart        |     7 |     3 ||    10
       Searing Ray       |     2 |     5 ||     7
       Iskenderun's Myst |       |     2 ||     2
       Dazzling Flash    |       |     1 ||     1
 Abil: Evoke Invisibilit |       |     4 ||     4
  Use: Potion            |       |     1 ||     1
Armor: Robe              |     1 |     1 ||     2
Dodge: Dodged            |     2 |     4 ||     6
